 Dungeon Crawl Stone Soup version 0.28.0 (webtiles) character file.

Game seed: 12177275690448918031

83 issech the Cudgeller (level 4, -2/44 HPs)
             Began as a Troll Monk on Feb 19, 2022.
             Slain by Crazy Yiuf (12 damage)
             ... on level 2 of the Dungeon.
             The game lasted 00:04:32 (1051 turns).

issech the Cudgeller (Troll Monk)                   Turns: 1051, Time: 00:04:32

Health: -2/44      AC:  4    Str: 19    XL:     4   Next: 22%
Magic:  3/3        EV: 10    Int:  6    God:
Gold:   20         SH:  0    Dex: 14    Spells: 3/3 levels left

rFire   . . .      SeeInvis .   a - +0 mace
rCold   . . .      Faith    .   (no shield)
rNeg    . . .      Spirit   .   b - +0 robe
rPois   .          Reflect  .   (helmet restricted)
rElec   .          Harm     .   (no cloak)
rCorr   .          Rampage  .   (gloves unavailable)
Will    .....                   (boots unavailable)
Stlth   ++........              (no amulet)
HPRegen 0.94/turn               (no ring)
MPRegen 0.08/turn               (no ring)

@: lethally poisoned (-2 -> -3), hasted, very quick
A: large, unfitting armour, claws 3, regeneration 1, shaggy fur 1, tough skin 1
a: no special abilities


You were on level 2 of the Dungeon.
You visited 1 branch of the dungeon, and saw 2 of its levels.

You collected 20 gold pieces.

Inventory:

Hand Weapons
 a - a +0 mace (weapon)
Missiles
 c - 15 arrows
 e - 31 stones (quivered)
Armour
 b - a +0 robe (worn)
 i - a +0 animal skin
Scrolls
 d - a scroll of identify {unknown}
 g - a scroll of enchant armour {unknown}
Potions
 f - a potion of lignification {unknown}
 h - a potion of brilliance {unknown}
 j - a potion of mutation {unknown}


   Skills:
 + Level 2.7 Fighting
 + Level 3.7 Maces & Flails
 + Level 3.1 Dodging
 + Level 1.0 Stealth


You had 3 spell levels left.
You didn't know any spells.
Your spell library contained the following spells:

 Spells                   Type           Power      Damage    Failure   Level
 Ozocubu's Armour         Ice            0%         N/A       83%         3
 Ozocubu's Refrigeration  Ice            0%         4d5       100%        7


Dungeon Overview and Level Annotations

Branches:
Dungeon (2/15)

Altars:

Annotations:
D:2 Crazy Yiuf


Innate Abilities, Weirdness & Mutations

You are too large for most types of armour.
You have claws for hands.
Your natural rate of healing is unusually fast.
You are covered in fur. (AC +1)
You have tough skin. (AC +1)


Message History

You see here a +0 mace.
You open the door. You hit Crazy Yiuf.
Crazy Yiuf is moderately wounded.
Crazy Yiuf hits you with a +2 quarterstaff of chaos.
You are poisoned.
You hit Crazy Yiuf.
Crazy Yiuf is heavily wounded.
You feel very sick.
Crazy Yiuf hits you with a +2 quarterstaff of chaos.
You are more poisoned.
You thump Crazy Yiuf!
Crazy Yiuf is almost dead.
You feel sick. Crazy Yiuf misses you.
Crazy Yiuf hits you with a +2 quarterstaff of chaos!
Crazy Yiuf freezes you.
You barely miss Crazy Yiuf.
Crazy Yiuf is almost dead.
You feel sick. Crazy Yiuf barely misses you.
You closely miss Crazy Yiuf.
Crazy Yiuf is almost dead.
You feel sick. Crazy Yiuf barely misses you.
You closely miss Crazy Yiuf.
Crazy Yiuf is almost dead.
You feel sick. Crazy Yiuf barely misses you.
You barely miss Crazy Yiuf.
Crazy Yiuf is almost dead.
You feel sick.
Crazy Yiuf hits you with a +2 quarterstaff of chaos. x2
* * * LOW HITPOINT WARNING * * *
You feel yourself speed up.
You closely miss Crazy Yiuf.
Crazy Yiuf is almost dead.
Unknown command.
You barely miss Crazy Yiuf.
Crazy Yiuf is almost dead.
You feel sick.
Crazy Yiuf whimpers, "Earwax tortoise fast!"
Crazy Yiuf hits you with a +2 quarterstaff of chaos!
You die...

########
#......#
#.######
#####
####.######
#).)#
#...†.....#
#)))#
#.##.######
))) #.##.#
#g#
#.##.#####
♣♣@♣
#.##.....#
♣)♣♣
##.##.....#
♣♣)♣
..........#
♣)♣♣
....#.....##
♣♣)♣♣
..>........#
♣)..♣♣
###........#
♣....♣ ....
#.######.#
#'..'# .....
#.#......#
#....#
###......


You could see Crazy Yiuf.

Vanquished Creatures
  Robin (D:2)
  2 adders (D:2)
  2 dart slugs
  3 ball pythons
  7 bats
  2 endoplasms (D:2)
  4 giant cockroaches
  9 goblins
  3 hobgoblins
  3 jackals (D:1)
  4 kobolds (D:1)
  2 quokkas
  2 rats (D:1)
44 creatures vanquished.

Notes
Turn   | Place    | Note
-------+----------+-------------------------------------------
     0 | D:1      | issech the Troll Monk began the quest for the Orb.
     0 | D:1      | Reached XP level 1. HP: 22/22 MP: 0/0
    66 | D:1      | Found a faded altar of an unknown god.
   229 | D:1      | Reached XP level 2. HP: 29/29 MP: 1/1
   690 | D:2      | Reached XP level 3. HP: 35/36 MP: 2/2
   761 | D:2      | Noticed Robin
   785 | D:2      | Killed Robin
   875 | D:2      | Reached XP level 4. HP: 44/44 MP: 3/3
  1038 | D:2      | Found a runed translucent door.
  1039 | D:2      | Noticed Crazy Yiuf
  1051 | D:2      | Slain by Crazy Yiuf

Illustrated notes

Levels and vault maps discovered:
D:1:      wander_arrival_lonely_grave, layout_basic,
          shapermc_ecumenical_altar_pompeii
D:2:      layout_basic, chequers_arboretum, uniq_crazy_yiuf_cottage, uniq_robin

Skill      XL: |  1  2  3 |
---------------+----------+-----
Maces & Flails | 3 |  3.7
Dodging        | 3 |  3.1
Fighting       | |  2.7
Stealth        | |  1.0

Action                   |  1- 3 |  4- 6 || total
-------------------------+-------+-------++-------
Melee: Mace              |   119 |    33 ||   152
       Punch             |     1 |       ||     1
Armor: Robe              |    83 |     9 ||    92
Dodge: Dodged            |   128 |    21 ||   149
